 Dungeon Crawl Stone Soup version 0.22.1-1-ga44c0e56f4 (webtiles) character file.

49 Ivernyr the Magician (level 3, -7/28 HPs)
             Began as a Naga Wizard on Oct 19, 2018.
             Killed by nerve-wracking pain
             ... invoked by Jessica
              (10 damage)
             ... on level 1 of the Dungeon.
             The game lasted 00:07:08 (1607 turns).

Ivernyr the Magician (Naga Wizard)                  Turns: 1607, Time: 00:07:08

Health: -7/28      AC:  3    Str:  9    XL:     3   Next: 77%
Magic:  3/8        EV: 25    Int: 19    God:
Gold:   95         SH:  0    Dex:  9    Spells: 1/10 levels left

rFire    . . .     SeeInvis +   (no weapon)
rCold    . . .     Gourm    .   (no shield)
rNeg     . . .     Faith    .   a - +0 robe
rPois    +         Spirit   .   (no helmet)
rElec    .         Reflect  .   (no cloak)
rCorr    .         Harm     .   g - +0 pair of gloves
MR       .....                  (no barding)
Stlth    ++........             f - amulet of the acrobat
HPRegen  0.09/turn              (no ring)
MPRegen  0.11/turn              (no ring)

@: very slow
A: large, see invisible, deformed body, poison resistance, slowness 2, slow
metabolism 1, spit poison 1, AC +1
a: Spit Poison


You were on level 1 of the Dungeon.
You were not hungry.

You visited 1 branch of the dungeon, and saw 2 of its levels.

You collected 95 gold pieces.

Inventory:

Armour
 a - a +0 robe (worn)
 g - a +0 pair of gloves (worn)
Jewellery
 f - an amulet of the acrobat (around neck)
Scrolls
 b - 4 scrolls of identify {unknown}
 c - a scroll of blinking {unknown}
 e - a scroll of remove curse {unknown}
Comestibles
 d - 3 rations


   Skills:
 - Level 1.5 Dodging
 - Level 3.0 Stealth
 + Level 4.2 Spellcasting
 + Level 1.5 Conjurations
   Level 1.0 Summonings
 - Level 1.0 Translocations


You had one spell level left.
You knew the following spells:

 Your Spells              Type           Power        Failure   Level  Hunger
a - Magic Dart            Conj           #...         7%          1    None
b - Blink                 Tloc           N/A          14%         2    #......
c - Conjure Flame         Conj/Fire      #.......     28%         3    ###....
d - Mephitic Cloud        Conj/Pois/Air  #.......     32%         3    ###....

Your spell library contained the following spells:

 Spells                   Type           Power        Failure   Level  Hunger
 Call Imp                 Summ           #.......     14%         2    #......
 Slow                     Hex            #.......     21%         2    #......


Dungeon Overview and Level Annotations

Branches:
Dungeon (2/15)

Altars:
Ru
The Shining One

Annotations:
D:1 Jessica


Innate Abilities, Weirdness & Mutations

You cannot wear boots.
Your serpentine skin is tough. (AC +1)
You have supernaturally acute eyesight. (SInv)
Armour fits poorly on your strangely shaped body.
Your system is resistant to poisons. (rPois)
You cover ground very slowly.
You have a slow metabolism.
You can spit poison.


Message History

Jessica points at you and mumbles some strange words.
Pain shoots through your body!
* * * LOW HITPOINT WARNING * * *
Jessica zaps a wand.
You turn into a filthy swine.
Your +0 pair of gloves melds into your body.
Your +0 robe melds into your body.
You have got your breath back.
Jessica zaps a wand.
You resist with some effort.
Jessica zaps a wand.
Your magical contamination has completely faded away.
There is an open door here.
Your transformation is almost over.
Your transformation has ended.
Your +0 pair of gloves unmelds from your body.
Your +0 robe unmelds from your body.
Jessica casts a spell.
Jessica blinks!
Jessica gestures at you while chanting. Pain shoots through your body!
You die...

...........###.#
...........###.#
..≈≈≈.≈≈≈...##.#
.≈≈♣....≈≈...#.#
≈≈..8....≈≈..#.#
≈.........≈≈...#
...........≈...##
........8..≈....######
≈..8.<....≈≈..†.@..@.########
≈≈.......≈≈.....####........#
.≈≈.....≈≈..#..## ########.#
..≈≈≈≈≈≈≈..##..# #.#
#.........###>)# #.#
##.)#........).## #.#
#.##########..@## ###@#####
#.#### ##.....## ##.......#
#....# ##.......##
##..#.###.#


You could see Jessica.

Vanquished Creatures
  An adder (D:2)
  4 leopard geckos (D:1)
  2 orcs (D:1)
  3 giant cockroaches (D:1)
  3 hobgoblins (D:1)
  4 jackals
  A ball python (D:1)
  4 bats (D:1)
  3 frilled lizards
  3 goblins
  3 kobolds
  4 rats (D:1)
35 creatures vanquished.

Notes
Turn   | Place    | Note
-------+----------+-------------------------------------------
     0 | D:1      | Ivernyr the Naga Wizard began the quest for the Orb.
     0 | D:1      | Reached XP level 1. HP: 15/15 MP: 4/4
   154 | D:1      | Reached XP level 2. HP: 22/22 MP: 1/6
   280 | D:1      | Learned a level 2 spell: Blink
   756 | D:1      | Reached XP level 3. HP: 28/28 MP: 4/8
   761 | D:1      | Learned a level 3 spell: Conjure Flame
   765 | D:1      | Learned a level 3 spell: Mephitic Cloud
   977 | D:1      | Reached skill level 4 in Spellcasting
  1323 | D:2      | Found a sacrificial altar of Ru.
  1328 | D:2      | Found a glowing golden altar of the Shining One.
  1563 | D:2      | Noticed Jessica
  1579 | D:1      | HP: 1/28 [Jessica/nerve-wracking pain (13)]
  1607 | D:1      | Killed from afar by Jessica

Skill      XL: |  1  2  3 |
---------------+----------+-----
Spellcasting   | 4 |  4.2
Dodging        | |  1.5
Stealth        | |  3.0
Conjurations   | |  1.5
Summonings     | |  1.0
Translocations | |  1.0

Action                   || total
-------------------------++-------
Melee: Unarmed           ||    14
 Cast: Magic Dart        ||    73
       Mephitic Cloud    ||     4
 Abil: Spit Poison       ||    13
  Eat: Chunk             ||     2
Armor: Robe              ||    18
Dodge: Dodged            ||    55
